 Dungeon Crawl Stone Soup version 0.29-a0-243-g602b31c20e (webtiles) character file.

Game seed: 16905074902369596584

60 spaghetti the Thrower (level 4, -5/48 HPs)
             Began as a Gnoll Wanderer on Mar 4, 2022.
             Was an Initiate of Yredelemnul.
             Slain by an ogre
             ... wielding a +0 giant club
              (9 damage)
             ... on level 3 of the Dungeon.
             The game lasted 00:02:37 (2371 turns).

spaghetti the Thrower (Gnoll Wanderer)              Turns: 2371, Time: 00:02:37

Health: -5/48      AC: 22    Str: 10    XL:     4   Next: 4%
Magic:  0/15       EV:  2    Int: 16    God:    Yredelemnul [......]
Gold:   151        SH:  0    Dex: 16    Spells: 5/5 levels left

rFire   . . .      SeeInvis .   a - +2 falchion {long}
rCold   . . .      Faith    .   (no shield)
rNeg    . . .      Spirit   +   (body armour currently unavailable)
rPois   +          Reflect  .   (helmet currently unavailable)
rElec   .          Harm     .   (cloak currently unavailable)
rCorr   .          Rampage  .   (gloves currently unavailable)
Will    .....      NoTele   +   (boots currently unavailable)
Stlth   ++........              g - amulet of guardian spirit
HPRegen 0.16/turn               m - +6 ring of intelligence
MPRegen 0.14/turn               i - ring of magical power

@: tree-form, attractive
A: stationary, stasis, torment immunity, boosted hp, (fangs 1), strong nose,
distributed training
a: Renounce Religion, Recall Undead Harvest


You were on level 3 of the Dungeon.
You worshipped Yredelemnul.
Yredelemnul was noncommittal.
You were a tree.
You visited 1 branch of the dungeon, and saw 3 of its levels.

You collected 151 gold pieces.


Innate Abilities, Weirdness & Mutations

You are a tree.
Your roots penetrate the ground, keeping you stationary.
You cannot be teleported.
You are immune to unholy pain and torment.
Your maximum health is greatly increased.
Your equipment is partially melded.
((You have very sharp teeth.))
Your uncanny sense of smell can sniff out nearby items.
Your experience applies equally to all skills.


   Skills:
 + Level 1.0 Fighting
 + Level 1.0 Short Blades
 + Level 6.5 Long Blades
 + Level 1.0 Axes
 + Level 1.0 Maces & Flails
 + Level 1.0 Polearms
 + Level 1.0 Staves
 + Level 1.0 Slings
 + Level 1.0 Bows
 + Level 2.7 Crossbows
 + Level 8.5 Throwing
 + Level 1.0 Armour
 + Level 2.7 Dodging
 + Level 1.0 Stealth
 + Level 1.0 Shields
 + Level 1.0 Unarmed Combat
 + Level 1.0 Spellcasting
 + Level 0.7 Conjurations
 + Level 0.7 Hexes
 + Level 0.7 Summonings
 + Level 0.7 Necromancy
 + Level 0.7 Translocations
 + Level 0.7 Transmutations
 + Level 0.7 Fire Magic
 + Level 0.7 Ice Magic
 + Level 0.7 Air Magic
 + Level 0.7 Earth Magic
 + Level 0.7 Poison Magic
 + Level 2.7 Invocations
 + Level 1.0 Evocations


You had 5 spell levels left.
You didn't know any spells.
Your spell library contained the following spells:

 Spells                   Type           Power      Damage    Failure   Level
 Stone Arrow              Conj/Erth      6%         3d7       45%         3
 Animate Armour           Summ/Erth      6%         N/A       86%         4
 Lehudib's Crystal Spear  Conj/Erth      1%         10d2      100%        8

Inventory:

Hand Weapons
 a - a +2 falchion (weapon) {long}
 b - a +0 hand crossbow {crossbow}
 d - a +0 dagger {short}
 q - a +4 short sword {short}
   (You found it on level 2 of the Dungeon)
Missiles
 c - 7 boomerangs (quivered) {throwing}
 h - 30 stones {throwing}
 n - 2 poisoned darts {throwing}
Armour
 e - a +0 robe (melded)
 j - a +0 pair of boots (melded)
   (You found it on level 1 of the Dungeon)
Jewellery
 g - an amulet of guardian spirit (around neck)
   (You found it on level 1 of the Dungeon)
 i - a ring of magical power (right branch)
   (You found it on level 1 of the Dungeon)
 m - a +6 ring of intelligence (left branch)
   (You found it on level 2 of the Dungeon)

Dungeon Overview and Level Annotations

Branches:
Dungeon (3/15)

Altars:
Yredelemnul

Shops:
D:3

=
..............$...
...####..#.#.....
.. #..#.# .(. ..
#..#.# #
.##+#....#
.....#.#.#
#.......<#
#......#.#
#♣O......#
#...#.....
#...#..#..
#.#.#..####
#.#.... ..#... ###
... #...


You could see an ogre.


Message History

You regained 6 hp, and now have 21/32 hp.
Your mp is fully restored (15).
You start resting. 😎 HP[+11]
Your hp is fully restored (32).
There is a stone staircase leading down here.
You climb downwards.
The goblin closely misses you.
There is a stone staircase leading up here.
The goblin closely misses you.
You climb upwards.
There is a stone staircase leading down here.
You hit the goblin. You bite the goblin, but do no damage.
The goblin closely misses you.
You barely miss the goblin.
The goblin hits you with a +0 dagger. 😕 HP[-2] MP[-1]
You take 2 damage, and now have 30/32 hp.
You lost 1 mp, and now have 14/15 mp.
You hit the goblin but do no damage. Your punch misses the goblin.
The goblin closely misses you.
You closely miss the goblin.
The goblin hits you with a +0 dagger. 😕 MP[-1]
You lost 1 mp, and now have 13/15 mp.
You hit the goblin.
You kill the goblin!
No target in view!
No target in view!
There is a stone staircase leading down here. 😎 HP[+2] MP[+2]
Your hp is fully restored (32).
Your mp is fully restored (15).
You climb downwards.
There is a stone staircase leading up here.
An ogre is nearby!
Throw: 7 boomerangs {throwing}
Press: ? - help, Q - select action, (/) - cycle Shift-Dir - straight line, f - ogre
Aim: an ogre, wielding a +0 giant club (77% to hit)
You throw a boomerang {throwing}.
The boomerang {throwing} barely misses the ogre.
Throw: 7 boomerangs {throwing}
Press: ? - help, Q - select action, (/) - cycle Shift-Dir - straight line, f/p - ogre
Aim: an ogre, wielding a +0 giant club (77% to hit)
You throw a boomerang {throwing}.
The boomerang {throwing} barely misses the ogre.
Throw: 7 boomerangs {throwing}
Press: ? - help, Q - select action, (/) - cycle Shift-Dir - straight line, f/p - ogre
Aim: an ogre, wielding a +0 giant club (77% to hit)
You throw a boomerang {throwing}. The boomerang {throwing} hits the ogre.
Throw: 7 boomerangs {throwing}
Press: ? - help, Q - select action, (/) - cycle Shift-Dir - straight line, f/p - ogre
Aim: an ogre, wielding a +0 giant club (lightly wounded, 77% to hit)
You throw a boomerang {throwing}.
The boomerang {throwing} barely misses the ogre.
You aren't carrying any items that you can evoke.
It was a potion of heal wounds.
You feel much better.
The ogre hits you with a +0 giant club!!
Ouch! That really hurt!
* * * LOW HITPOINT WARNING * * *
😨 HP[-17] MP[-8]
You take 17 damage, and now have 15/32 hp.
MASSIVE DAMAGE!! (PAUSE)
You lost 8 mp, and now have 7/15 mp.
You aren't carrying any scrolls.
You hit the ogre.
You aren't carrying any scrolls.
Unknown command.
It was a potion of magic.
Magic courses through your body. The ogre barely misses you. 😨 MP[+8]
Your mp is fully restored (15).
You barely miss the ogre. The ogre closely misses you.
You hit the ogre but do no damage. The ogre barely misses you.
You barely miss the ogre. You closely miss the ogre.
The ogre hits you with a +0 giant club!!
* * * LOW HITPOINT WARNING * * *
😱 HP[-10] MP[-9]
You take 10 damage, and now have 5/32 hp.
MASSIVE DAMAGE!! (PAUSE)
You lost 9 mp, and now have 6/15 mp.
It was a potion of curing.
You feel better. The ogre misses you. 😨 HP[+11]
You regained 11 hp, and now have 16/32 hp.
It was a potion of attraction.
You feel attractive to monsters.
The ogre hits you with a +0 giant club!!
* * * LOW HITPOINT WARNING * * *
😱 HP[-14] MP[-5]
You take 14 damage, and now have 2/32 hp.
MASSIVE DAMAGE!! (PAUSE)
You lost 5 mp, and now have 1/15 mp.
It was a potion of lignification.
You turn into a tree.
Your +0 pair of boots melds into your body.
Your +0 robe melds into your body.
Your roots penetrate the ground. 😱 HP[+2]
You now have 48 max hp (+16).
You regained 2 hp, and now have 4/48 hp.
You hit the ogre. The ogre barely misses you.
You slash the ogre! The ogre barely misses you.
You hit the ogre. The ogre hits you with a +0 giant club!
You die...
Your body rises from the dead as a mindless zombie.

Skill      XL: |  1  2  3 |
---------------+----------+-----
Fighting       | 1 |  1.0
Short Blades   | 1 |  1.0
Axes           | 1 |  1.0
Maces & Flails | 1 |  1.0
Polearms       | 1 |  1.0
Staves         | 1 |  1.0
Slings         | 1 |  1.0
Bows           | 1 |  1.0
Armour         | 1 |  1.0
Stealth        | 1 |  1.0
Shields        | 1 |  1.0
Unarmed Combat | 1 |  1.0
Spellcasting   | 1 |  1.0
Evocations     | 1 |  1.0
Long Blades    | |  6.5
Crossbows      | |  2.7
Throwing       | |  8.5
Dodging        | |  2.7
Conjurations   | |  0.7
Hexes          | |  0.7
Summonings     | |  0.7
Necromancy     | |  0.7
Translocations | |  0.7
Transmutations | |  0.7
Fire Magic     | |  0.7
Ice Magic      | |  0.7
Air Magic      | |  0.7
Earth Magic    | |  0.7
Poison Magic   | |  0.7
Invocations    | |  2.7

Action                   |  1- 3 |  4- 6 || total
-------------------------+-------+-------++-------
Melee: Falchion          |    61 |    17 ||    78
       Bite              |     7 |     1 ||     8
 Fire: Hand crossbow     |     1 |       ||     1
Throw: Boomerang         |    15 |     4 ||    19
  Use: Potion            |       |     5 ||     5
 Stab: Sleeping          |     1 |       ||     1
Armor: Robe              |    13 |       ||    13
Dodge: Dodged            |    37 |    16 ||    53

Levels and vault maps discovered:
D:1:      amcnicky_arrival_blooded_trapdoor, layout_basic,
          hellmonk_ecumenical_altar_run_dry, fountainhead, st_stairs_12
D:2:      layout_basic
D:3:      cheibrodos_helix_gallery, layout_basic, xom_redecorated, serial_shops,
          nicolae_square_shop, hangedman_decor_points, uniq_jessica

Notes
Turn   | Place    | Note
-------+----------+-------------------------------------------
     0 | D:1      | spaghetti the Gnoll Wanderer began the quest for the Orb.
     0 | D:1      | spaghetti set off with the following items: a +2 falchion
                  | {long}, a +0 hand crossbow {crossbow}, 7 boomerangs
                  | {throwing}, a +0 dagger {short}, a +0 robe
     0 | D:1      | Reached XP level 1. HP: 13/13 MP: 2/2
     0 | D:1      | magus.rc [v1.9.6]
   294 | D:1      | Reached XP level 2. HP: 15/19 MP: 3/3
   299 | D:1      | Found a faded altar of an unknown god.
   396 | D:1      | Prayed at the altar of an unknown god.
   396 | D:1      | Became a worshipper of Yredelemnul the Dark
   396 | D:1      | Reached * piety under Yredelemnul
   558 | D:1      | Reached ** piety under Yredelemnul
   740 | D:1      | Reached XP level 3. HP: 25/25 MP: 4/4
  1687 | D:2      | You pick up a book of Armaments and begin reading...
  1687 | D:2      | You add the spells Stone Arrow, Animate Armour and
                  | Lehudib's Crystal Spear to your library.
  1877 | D:2      | Reached skill level 1 in Fighting
  1877 | D:2      | Reached skill level 1 in Short Blades
  1877 | D:2      | Reached skill level 1 in Axes
  1877 | D:2      | Reached skill level 1 in Maces & Flails
  1877 | D:2      | Reached skill level 1 in Polearms
  1877 | D:2      | Reached skill level 1 in Staves
  1877 | D:2      | Reached skill level 1 in Slings
  1877 | D:2      | Reached skill level 1 in Bows
  1877 | D:2      | Reached skill level 1 in Armour
  1877 | D:2      | Reached skill level 1 in Stealth
  1877 | D:2      | Reached skill level 1 in Shields
  1877 | D:2      | Reached skill level 1 in Unarmed Combat
  1877 | D:2      | Reached skill level 1 in Spellcasting
  1877 | D:2      | Reached skill level 1 in Evocations
  1961 | D:2      | Reached XP level 4. HP: 32/32 MP: 6/6
  2104 | D:3      | Noticed an ogre
  2108 | D:3      | Found Suuc's Jewellery Shoppe.
  2365 | D:3      | HP: 5/32 [ogre/+0 giant club (10)]
  2367 | D:3      | HP: 2/32 [ogre/+0 giant club (14)]
  2371 | D:3      | Slain by an ogre

Vanquished Creatures
  An adder (D:2)
  2 worms (D:2)
  2 dart slugs (D:1)
  2 ball pythons (D:1)
  4 bats
  3 endoplasms (D:1)
  4 goblins
  A hobgoblin (D:2)
  2 jackals (D:1)
  2 kobolds (D:1)
  2 quokkas (D:2)
  2 frilled lizards
  4 rats
31 creatures vanquished.

Vanquished Creatures (collateral kills)
  A worm (D:2)
  2 endoplasms (D:1)
  A goblin (D:1)
4 creatures vanquished.

Vanquished Creatures (others)
  A bat zombie (D:2)
1 creature vanquished.

Grand Total: 36 creatures vanquished

Table legend:
 A = Non-vault XP
 B = Vault XP
 C = Vault XP percentage of total XP
 D = Non-vault monster count
 E = Vault monster count
 F = Vault count percentage of total count
                 A         B        C        D         E       F
            +---------+---------+-------+---------+---------+-------
      Total |      83 |       3 |   3.5 |      33 |       2 |   5.7
            +---------+---------+-------+---------+---------+-------
        D:1 |      37 |       3 |   7.5 |      19 |       2 |   9.5
        D:2 |      46 |       0 |   0.0 |      14 |       0 |   0.0
            +---------+---------+-------+---------+---------+-------

Illustrated notes

Table legend:
 A = Kills in this place as a percentage of kills in entire the game.
 B = Kills by you in this place as a percentage of kills by you in the entire game.
 C = Kills by friends in this place as a percentage of kills by friends in the entire game.
 D = Other kills in this place as a percentage of other kills in the entire game.
 E = Experience gained in this place as a percentage of experience gained in the entire game.
 F = Experience gained in this place divided by the number of levels of this place that you have seen.
                   A       B       C       D       E      F
               +-------+-------+-------+-------+-------+----------------------
         Total | 100.0 | 100.0 | 100.0 |   N/A | 100.0 |  28.7
       Dungeon | 100.0 | 100.0 | 100.0 |   N/A | 100.0 |  28.7
               +-------+-------+-------+-------+-------+----------------------

Table legend: (Time is in decaauts)
 A = Elapsed time spent in this place.
 B = Non-inter-level travel time spent in this place.
 C = Inter-level travel time spent in this place.
 D = Time resting spent in this place.
 E = Time spent auto-exploring this place.
 F = Levels seen in this place.
 G = Mean time per level.
                   A        B        C        D        E       F      G
               +--------+--------+--------+--------+--------+-----+--------+
         Total |   2379 |   2243 |    136 |    167 |   1825 |   3 |  793.0 |
       Dungeon |   2379 |   2243 |    136 |    167 |   1825 |   3 |  793.0 |
               +--------+--------+--------+--------+--------+-----+--------+

Top non-repeatable levels by time:
     D:1: 1294 daAuts
     D:2: 1046 daAuts
     D:3: 39 daAuts
